 Dungeon Crawl Stone Soup version 0.28.0-1-gb440e238dd (webtiles) character file.

Game seed: 7676894603114719328

140 Hasart the Vexing (level 5, -2/28 HPs)
             Began as a Vampire Enchanter on Feb 19, 2022.
             Splashed by a jelly's acid (8 damage)
             ... in a sewer.
             The game lasted 00:05:16 (2828 turns).

Hasart the Vexing (Vampire Enchanter)               Turns: 2828, Time: 00:05:17

Health: -2/28      AC: -5    Str:  7    XL:     5   Next: 2%
Magic:  8/8        EV: 12    Int: 20    God:
Gold:   94         SH:  5    Dex: 14    Spells: 6/8 levels left

rFire   . . .      SeeInvis +   i - +2 dagger (venom)
rCold   + + .      Faith    .   (no shield)
rNeg    + + +      Spirit   .   b - +0 robe
rPois   ∞          Reflect  +   (no helmet)
rElec   .          Harm     .   (no cloak)
rCorr   .          Rampage  .   a - +0 pair of gloves
Will    .....                   (no boots)
Stlth   +++.......              d - amulet of reflection
HPRegen 0.00/turn               (no ring)
MPRegen 0.11/turn               (no ring)

@: corroded, bloodless, inhibited regen, very slow
A: bloodless, fangs 3, see invisible, vampiric 2
a: Bat Form, Revivify


You were in a sewer.
You visited 1 branch of the dungeon, and saw 3 of its levels.
You also visited: Sewer.

You collected 94 gold pieces.

Inventory:

Hand Weapons
 i - a +2 dagger of venom (weapon)
Missiles
 f - 6 boomerangs (quivered)
Armour
 a - a +0 pair of gloves (worn)
 b - a +0 robe (worn)
Jewellery
 d - an amulet of reflection (around neck)
Scrolls
 e - 2 scrolls of vulnerability {unknown}
 j - a scroll of enchant armour {unknown}
 k - a scroll of immolation {unknown}
 l - a scroll of holy word {unknown}
Potions
 c - 2 potions of invisibility
 g - a potion of flight {unknown}
 h - a potion of mutation {unknown}


   Skills:
 * Level 2.6 Short Blades
 + Level 0.6 Throwing
 + Level 2.7 Dodging
 + Level 5.2 Stealth
 + Level 2.4 Spellcasting
 * Level 5.7 Hexes
 + Level 1.0 Ice Magic


You had 6 spell levels left.
You knew the following spells:

 Your Spells              Type           Power      Damage    Failure   Level
a - Ensorcelled Hibernat  Hex/Ice        32%        N/A       5%          2

Your spell library contained the following spells:

 Spells                   Type           Power      Damage    Failure   Level
 Confusing Touch          Hex            25%        N/A       4%          3
 Tukima's Dance           Hex            25%        N/A       4%          3
 Dazzling Flash           Conj/Hex       28%        N/A       14%         3


Dungeon Overview and Level Annotations

Branches:
Dungeon (3/15)              Sewer (1/1)

Altars:


Innate Abilities, Weirdness & Mutations

You do not regenerate when monsters are visible.
You are frail without blood (-20% HP).
You can heal yourself when you bite living creatures.
You are immune to poison.
You have razor-sharp teeth.
You have supernaturally acute eyesight. (SInv)
You are afflicted with vampirism and can become a bat while bloodless.


Message History

You see here a rat corpse.
You enter the shallow water.
Moving in this stuff is going to be slow.
The jelly quivers.
The jelly hits you but does no damage. You block the jelly's attack.
Your unstable footing causes you to fumble your attack.
The jelly completely misses you.
You hit the jelly. The acid corrodes you!
Your hands burn!
The jelly is lightly wounded.
The jelly closely misses you.
You hit the jelly.
The jelly is poisoned.
Your hands burn!
The jelly is moderately wounded.
You see here a rat corpse.
You enter the shallow water.
Moving in this stuff is going to be slow.
The jelly hits you. The acid corrodes you!
You are splashed with acid!
You hit the jelly but do no damage. The acid corrodes you!
Your hands burn!
The jelly is severely wounded.
The jelly barely misses you.
You hit the jelly but do no damage.
Your hands burn!
The jelly is severely wounded.
You block the jelly's attack.
Found a gate leading back out of this place.
You aren't carrying any items that you can evoke.
A rat comes into view.
The jelly looks more healthy.
You enter the shallow water.
Moving in this stuff is going to be slow.
You enter the shallow water.
Moving in this stuff is going to be slow.
The jelly barely misses you. You block the rat's attack. The rat misses you.
The jelly barely misses you.
A jelly comes into view.
You enter the shallow water.
Moving in this stuff is going to be slow.
The jelly hits you.
* * * LOW HITPOINT WARNING * * *
You are splashed with acid!
You die...

#≈≈.# #####
######≈.####≈≈†##
##≈≈≈≈#≈.≈##≈..≈≈#
##∩.≈...≈≈≈#...#†.≈ ≈.
#.≈≈##≈..≈..≈≈##≈.. J≈..
#≈≈##...≈....##≈..#
.≈.≈≈##.r#!!≈##≈≈.≈#!≈≈##
#.≈...J##.##≈≈≈≈.##..!#
##...≈@.###.≈.≈...##≈!#
####.≈≈...≈≈##≈≈..####
##≈≈≈.≈≈####≈≈...##
####.≈## ##.≈≈..# #.≈#
###.††# #.≈≈≈ ##..# ≈≈#
#.≈. ### ##.. ##########
#..


You could see a jelly and a rat.

Vanquished Creatures
  A gnoll (D:2)
  3 adders (D:2)
  2 river rats (Sewer)
  3 worms
  A dart slug (D:2)
  3 bats
  8 endoplasms
  11 giant cockroaches
  3 hobgoblins (D:2)
  3 jackals (D:1)
  5 quokkas
  6 ball pythons
  4 frilled lizards
  5 goblins
  3 kobolds
  9 rats
70 creatures vanquished.

Notes
Turn   | Place    | Note
-------+----------+-------------------------------------------
     0 | D:1      | Hasart the Vampire Enchanter began the quest for the Orb.
     0 | D:1      | Reached XP level 1. HP: 13/13 MP: 3/3
   272 | D:1      | Reached XP level 2. HP: 15/15 MP: 5/5
   406 | D:1      | Learned a level 2 spell: Ensorcelled Hibernation
   898 | D:2      | Reached skill level 5 in Hexes
   898 | D:2      | Gained mutation: You are afflicted with vampirism and can
                  | become a bat while bloodless. [Vampire growth]
   898 | D:2      | Reached XP level 3. HP: 9/19 MP: 6/6
  1623 | D:2      | Reached XP level 4. HP: 24/24 MP: 7/7
  1639 | D:2      | Reached skill level 5 in Stealth
  2296 | D:3      | Found a glowing drain.
  2320 | Sewer    | Entered a sewer
  2396 | Sewer    | Reached skill level 1 in Ice Magic
  2798 | Sewer    | Reached XP level 5. HP: 28/28 MP: 8/8
  2828 | Sewer    | Splashed by a jelly's acid

Illustrated notes

Levels and vault maps discovered:
D:1:      kennysheep_arrival_forest, layout_basic, serial_forest,
          infiniplex_forest_lined_2, infiniplex_forest_straight_4,
          infiniplex_forest_end_1, infiniplex_forest_lined_room_2,
          infiniplex_forest_lined_corner
D:2:      minmay_general_purpose_star, layout_loops_cross,
          kennysheep_another_room, chequers_serial_rivers_micro_c,
          mrwooster_statue_mirror, minmay_cut_off
D:3:      layout_basic, gup_sewer_entry_pipe, saegor_snake_ambush
Sewer:    sewer_hellmonk_slimy_pipes

Skill      XL: |  1  2  3  4 |
---------------+-------------+-----
Hexes          | 5 |  5.7
Short Blades   | 2 |  2.6
Stealth        | 5 |  5.2
Ice Magic      | 1 |  1.0
Throwing       | |  0.6
Dodging        | |  2.7
Spellcasting   | |  2.4

Action                   |  1- 3 |  4- 6 || total
-------------------------+-------+-------++-------
Melee: Dagger            |    87 |    91 ||   178
       Bite              |     9 |    12 ||    21
       Punch             |     2 |     1 ||     3
 Abil: Exsanguinate      |     1 |       ||     1
 Stab: Sleeping          |    19 |    12 ||    31
Armor: Robe              |     7 |    16 ||    23
Dodge: Dodged            |    29 |    39 ||    68
Block: Other             |    18 |    13 ||    31
